 Dungeon Crawl Stone Soup version 0.31-a0-664-g902f515a81 (webtiles) character file.

Game seed: 12407353635816222179

427 Fodor the Covered (level 6, -6/53 HPs)
             Began as a Minotaur Fighter on Sept 2, 2023.
             Mangled by an ogre
             ... wielding a +0 giant club
              (7 damage)
             ... on level 4 of the Dungeon.
             The game lasted 00:14:15 (3201 turns).

Fodor the Covered (Minotaur Fighter)                Turns: 3201, Time: 00:14:16

Health: -6/53      AC: 11    Str: 23    XL:     6   Next: 65%
Magic:  5/5        EV:  9    Int:  5    God:
Gold:   165        SH:  4    Dex:  9    Spells: 5/5 levels left

rFire   + . .        a - +0 long sword
rCold   . . .        c - +0 buckler
rNeg    . . .        e - +0 chain mail
rPois   .            (helmet restricted)
rElec   .            j - +0 cloak
rCorr   .            (no gloves)
SInv    .            (no boots)
Will    .....        (no amulet) Stlth
                     y - ring of flight
HPRegen 0.28/turn    k - ring of protection from fire
MPRegen 0.09/turn

%: no passive effects
@: flying
A: horns 2, retaliatory headbutt
a: no special abilities


You were on level 4 of the Dungeon.
You visited 1 branch of the dungeon, and saw 4 of its levels.

You collected 165 gold pieces.

Inventory:

Hand Weapons
 a - a +0 long sword (weapon)
Missiles
 t - 3 javelins (quivered)
Armour
 c - a +0 buckler (worn)
 e - a +0 chain mail (worn)
 j - a +0 cloak (worn)
Jewellery
 k - a ring of protection from fire (right hand)
 y - a ring of flight (left hand)
Scrolls
 d - 2 scrolls of identify {unknown}
 f - a scroll of torment {unknown}
 g - a scroll of silence {unknown}
 h - a scroll of amnesia {unknown}
 i - a scroll of revelation {unknown}
 n - a scroll of noise {unknown}
 o - 2 scrolls of summoning {unknown}
 p - a scroll of fear {unknown}
 q - a scroll of poison {unknown}
 r - a scroll of enchant weapon {unknown}
 s - a scroll of teleportation {unknown}
Potions
 b - a potion of enlightenment {unknown}
 l - a potion of brilliance
 m - a potion of invisibility {unknown}
 u - a potion of mutation {unknown}
 v - a potion of haste {unknown}
 w - 2 potions of curing {unknown}
 x - a potion of lignification {unknown}


   Skills:
 + Level 4.4 Fighting
 + Level 5.1 Long Blades
 + Level 0.1 Throwing
 + Level 5.8 Armour
 + Level 2.3 Dodging
 + Level 0.1 Stealth
 + Level 5.0 Shields


You had 5 spell levels left.
You didn't know any spells.
Your spell library contained the following spells:

 Spells                   Type           Power      Damage    Failure   Level
 Foxfire                  Conj/Fire      0%         2x1d4     98%         1
 Plasma Beam              Fire/Air       0%         2x1d10    100%        6
 Starburst                Conj/Fire      0%         6d3       100%        6


Dungeon Overview and Level Annotations

Branches:
Dungeon (4/15)
 Temple: D:4-7

Altars:

Shops:
D:3 *

Annotations:
D:4 2 transporters, arthad's ghost, novice OpSh


Innate Abilities, Weirdness & Mutations

You have a pair of horns on your head.
You reflexively headbutt those who attack you in melee.


Message History

You now have 151 gold pieces (gained 10).
Arthad's ghost sneers, "Only the weak need weapons."
As you open the door, it creaks loudly!
Found 14 gold pieces.
There is an open door here.
You now have 165 gold pieces (gained 14).
You reach down and open the door.
There is an open door here.
There is an open door here.
As you open the door, it creaks loudly!
There is an open door here.
There is an open door here.
You reach down and open the door.
An ogre comes into view. It is wielding a +0 giant club.
The ogre shouts!
Found 15 gold pieces.
Found 8 stones and a scroll labelled CALELU ROSIT.
There is an open door here.
You slash the ogre!
The ogre is moderately wounded.
The ogre hits you with a +0 giant club!
You barely miss the ogre. You headbutt the ogre!
The ogre is heavily wounded.
The ogre hits you but does no damage.
You hit the ogre.
You headbutt the ogre, but do no damage.
The ogre is severely wounded.
You closely miss the ogre.
The ogre is severely wounded.
The ogre hits you with a +0 giant club!!
Ouch! That really hurt!
* * * LOW HITPOINT WARNING * * *
You hit the ogre. Your headbutt misses the ogre.
The ogre is severely wounded.
The ogre hits you with a +0 giant club!
* * * LOW HITPOINT WARNING * * *
You barely miss the ogre. You headbutt the ogre.
The ogre is severely wounded.
The ogre hits you with a +0 giant club!
You die...

####### ....... .......
.....(.###############
#....#........#....##
.##....#........#.....#
......O@........'.....#
.......#........#######
.......#....####......##
.......#....#..#......#.
.##...?#....#..#......#.
#....#....#..'......#.
.....#....#..#......#.
......#....#..########.
#..#.(...##.


You could see an ogre.

Vanquished Creatures
  A water moccasin (D:3)
  A scorpion (D:3)
  A hound (D:3)
  2 jellies
  An orc wizard (D:3)
  4 gnolls (D:3)
  2 adders (D:3)
  3 dart slugs
  7 orcs
  10 ball pythons
  4 endoplasms
  3 giant cockroaches
  3 goblins
  6 hobgoblins
  4 jackals (D:4)
  4 quokkas
  5 bats
  3 frilled lizards
  7 kobolds
  8 rats
79 creatures vanquished.

Notes
Turn   | Place    | Note
-------+----------+-------------------------------------------
     0 | D:1      | Fodor the Minotaur Fighter began the quest for the Orb.
     0 | D:1      | Reached XP level 1. HP: 19/19 MP: 0/0
   333 | D:1      | Reached XP level 2. HP: 27/27 MP: 1/1
   904 | D:1      | Reached XP level 3. HP: 33/33 MP: 2/2
  1362 | D:3      | HP: 1/33 [something (2)]
  1364 | D:3      | Reached XP level 4. HP: 1/40 MP: 3/3
  1378 | D:3      | Reached skill level 1 in Dodging
  1566 | D:3      | Reached XP level 5. HP: 36/46 MP: 4/4
  1988 | D:3      | Reached skill level 5 in Armour
  2243 | D:3      | Found a faded altar of an unknown god.
  2299 | D:3      | Noticed a water moccasin
  2314 | D:3      | Killed a water moccasin
  2315 | D:3      | Reached XP level 6. HP: 30/53 MP: 5/5
  2326 | D:3      | Reached skill level 5 in Shields
  2614 | D:3      | Found Wouhe's General Store.
  2789 | D:4      | Reached skill level 5 in Long Blades
  2898 | D:4      | Found a transporter.
  2900 | D:4      | Noticed arthad's ghost (novice OpSh)
  3125 | D:4      | Found a transporter.
  3200 | D:4      | HP: 1/53 [ogre/+0 giant club (12)]
  3201 | D:4      | Mangled by an ogre

Illustrated notes

Levels and vault maps discovered:
D:1:      dpeg_arrival_tiny_a, layout_basic
D:2:      layout_basic
D:3:      layout_loops_corners, serial_shops, shop_statue,
          shapermc_ecumenical_altar_gd, fountainhead
D:4:      layout_gridville, gammafunk_ghost_arena,
          chequers_serial_rivers_micro_e, grunt_ministairs_3

Skill      XL: |  1  2  3  4  5  6 |
---------------+-------------------+-----
Shields        | 4 5 |  5.0
Armour         | 4 5 |  5.8
Long Blades    | 3 4 5 |  5.1
Fighting       | 4 |  4.4
Dodging        | 1 2 |  2.3
Throwing       | |  0.1
Stealth        | |  0.1

Action                     |  1- 3 |  4- 6 || total
---------------------------+-------+-------++-------
  Melee: Long sword        |   108 |   112 ||   220
         Headbutt          |    14 |    20 ||    34
  Throw: Javelin           |       |     1 ||     1
    Use: Potion            |     1 |     3 ||     4
 Armour: Scale mail        |   113 |    23 ||   136
         Chain mail        |       |    81 ||    81
  Dodge: Dodged            |    78 |    55 ||   133
  Block: Buckler           |    41 |    24 ||    65

Table legend: (Time is in decaauts)
 A = Elapsed time spent in this place.
 B = Non-inter-level travel time spent in this place.
 C = Inter-level travel time spent in this place.
 D = Time resting spent in this place.
 E = Time spent auto-exploring this place.
 F = Levels seen in this place.
 G = Mean time per level.
                   A        B        C        D        E       F      G
               +--------+--------+--------+--------+--------+-----+--------+
         Total |   3257 |   3209 |     48 |    467 |      0 |   4 |  814.2 |
       Dungeon |   3257 |   3209 |     48 |    467 |      0 |   4 |  814.2 |
               +--------+--------+--------+--------+--------+-----+--------+

Top non-repeatable levels by time:
     D:3: 1450 daAuts
     D:1: 954 daAuts
     D:4: 441 daAuts
     D:2: 410 daAuts
